 Dungeon Crawl Stone Soup version 0.20-a0-434-g93bceec (webtiles) character file.

114 Colliwobble the Distorting Demonspawn (level 4, 0/35 HPs)
             Began as a Demonspawn Abyssal Knight on Jan 4, 2017.
             Was a Believer of Lugonu.
             Succumbed to Ijyb's poison
             ... on level 2 of the Dungeon on Jan 5, 2017.
             The game lasted 00:07:16 (2446 turns).

Colliwobble the Distorting Demonspawn (DsAK)        Turns: 2446, Time: 00:07:16

Health: 0/35       AC:  6    Str: 11 (13) XL:     4   Next: 66%
Magic:  7/7        EV: 14    Int: 13 (14) God:    Lugonu [**....]
Gold:   81         SH:  3    Dex: 16 (17) Spells: 3/3 levels left

rFire  + . .     SeeInvis .     a - +1 spear
rCold  . . .     Gourm    .     o - +0 ring mail
rNeg   . . .     Faith    .     t - +0 buckler
rPois  .         Spirit   .     (helmet restricted)
rElec  .         Reflect  .     (no cloak)
rCorr  .         Harm     .     (no gloves)
MR     .....                    v - +0 pair of boots (curse)
Stlth  ++........               (no amulet)
                                (no ring)
                                (no ring)

@: agile, lethally poisoned (0 -> -48)
A: antennae 1, fire resistance 1
a: Depart the Abyss, Bend Space, Renounce Religion


You were on level 2 of the Dungeon.
You worshipped Lugonu.
Lugonu was pleased with you.
You were very hungry.

You visited 1 branch of the dungeon, and saw 3 of its levels.
You visited the Abyss 1 time.

You collected 81 gold pieces.

Inventory:

Hand Weapons
 a - a +1 spear (weapon)
 b - a +0 hunting sling
Missiles
 p - 31 stones (quivered)
Armour
 n - a +0 pair of boots
 o - a +0 ring mail (worn)
 t - a +0 buckler (worn)
 u - a +0 helmet
 v - a cursed +0 pair of boots (worn)
Jewellery
 e - an uncursed amulet of regeneration {unknown}
 h - an uncursed amulet of harm {unknown}
Scrolls
 f - 3 scrolls of identify {unknown}
 i - a scroll of amnesia {unknown}
 m - 2 scrolls of fear {unknown}
 r - a scroll of fog {unknown}
 s - 3 scrolls of remove curse {unknown}
Comestibles
 c - a bread ration
 d - 2 meat rations
 g - a slice of pizza
 j - 2 fruits


   Skills:
 - Level 3.0 Fighting
 * Level 3.7 Polearms
 - Level 1.7 Armour
 - Level 0.8 Dodging
 + Level 4.2 Invocations


You had 3 spell levels left.
You didn't know any spells.

Dungeon Overview and Level Annotations

Branches:
Dungeon (3/15)

Altars:
Cheibriados
Uskayaw

Annotations:
D:2 1 runed door, Ijyb


Innate Abilities, Weirdness & Mutations

You have a pair of small antennae on your head.
Your flesh is heat resistant. (rF+)


Message History

You feel sick. You block Ijyb's attack.
You hit Ijyb.
Ijyb is heavily wounded.
You feel very sick. Ijyb closely misses you.
You barely miss Ijyb.
Ijyb is heavily wounded.
You feel sick. Ijyb hits you with a dagger of venom.
* * * LOW HITPOINT WARNING * * *
You are more poisoned.
You completely miss Ijyb.
Ijyb is heavily wounded.
* * * LOW HITPOINT WARNING * * *
You feel very sick. Ijyb hits you with a dagger of venom.
* * * LOW HITPOINT WARNING * * *
You are more poisoned.
It was a potion of agility.
You feel agile all of a sudden.
You die...

............##...#
....########.....#
.#.........#.#...#
.#.#######.#.##..# .#.#
#...#.#.....#
.#.###.#.#.#####.#######
.#..)....#.....)r#.....#
########.#######g#.###.#
.......#...#####@...##.#
######.........#....##.#
#....#.#######.#.##.##.##♣♣
#.##.#.#.....#.#.##.....+.♣♣ ♣♣#
#.##...#.....#.#.####......♣♣♣♣.+
.......#.....'.#.# ##...P..♣..♣#
######.#.....#.#.# ##.'..♣.♣♣♣
.......#######.#.# ###♣♣♣♣♣
######.........#.#


You could see Ijyb and a rat.

Vanquished Creatures
  Terence (D:2)
  5 adders
  An ooze (D:2)
  A giant cockroach (D:2)
  6 hobgoblins
  4 jackals (D:1)
  6 bats
  5 frilled lizards
  6 goblins
  5 kobolds
  4 rats (D:2)
44 creatures vanquished.

Notes
Turn   | Place    | Note
-------+----------+-------------------------------------------
     0 | Abyss:1  | Colliwobble the Demonspawn Abyssal Knight began the quest for the Orb.
     0 | Abyss:1  | Reached XP level 1. HP: 18/18 MP: 2/2
    35 | Abyss:1  | Noticed a wretched star
    36 | D:1      | Escaped the Abyss
   308 | D:1      | Reached * piety under Lugonu
   496 | D:1      | Gained mutation: You have a pair of small antennae on your head. [demonic ancestry]
   496 | D:1      | Reached XP level 2. HP: 24/24 MP: 4/4
   628 | D:1      | Reached skill level 3 in Invocations
   958 | D:2      | Gained mutation: Your flesh is heat resistant. (rF+) [demonic ancestry]
   958 | D:2      | Reached XP level 3. HP: 29/29 MP: 5/5
  1037 | D:2      | Found a runed door.
  1169 | D:2      | Reached XP level 4. HP: 32/35 MP: 6/6
  1188 | D:2      | Noticed Terence
  1284 | D:2      | Killed Terence
  1284 | D:2      | Reached skill level 4 in Invocations
  1582 | D:2      | Found a snail-covered altar of Cheibriados.
  1582 | D:2      | Found a hide-covered altar of Uskayaw.
  1658 | D:2      | Reached ** piety under Lugonu
  2266 | D:3      | Noticed Ijyb
  2446 | D:2      | Succumbed to Ijyb's poison

Vault maps used:
D:1:      lemuel_arrival_room
D:2:      gammafunk_temple_overflow_elements, nrook_mini_vaults, st_stairs_8,
          uniq_crazy_yiuf_cottage, uniq_terence
D:3:      tso_metal_star, uniq_iyjb

Skill      XL: |  1  2  3  4 |
---------------+-------------+-----
Polearms       | 2 3 |  3.7
Invocations    | 3 4 |  4.2
Fighting       | |  3.0
Armour         | |  1.7
Dodging        | |  0.8

Action                   |  1- 3 |  4- 6 || total
-------------------------+-------+-------++-------
Melee: Spear             |   140 |   108 ||   248
 Fire: Hunting sling     |       |     2 ||     2
Invok: Depart the Abyss  |     1 |       ||     1
  Use: Potion            |       |     3 ||     3
  Eat: Chunk             |     1 |     3 ||     4
Armor: Leather armour    |    19 |       ||    19
       Ring mail         |    14 |    32 ||    46
Dodge: Dodged            |    65 |    37 ||   102
Block: Buckler           |       |     9 ||     9
